 Dungeon Crawl Stone Soup version 0.26-a0-259-g1effd001a9 (webtiles) character file.

Game seed: 16285099878840476432

3500 Apogee the Thaumaturge (level 9, -3/47 HPs)
             Began as a Deep Elf Conjurer on July 27, 2020.
             Was a Follower of Sif Muna.
             Slain by a killer bee (5 damage)
             ... on level 7 of the Dungeon.
             The game lasted 00:16:01 (8064 turns).

Apogee the Thaumaturge (Deep Elf Conjurer)          Turns: 8064, Time: 00:16:01

Health: -3/47      AC:  5    Str:  4    XL:     9   Next: 80%
Magic:  10/27      EV: 13    Int: 27    God:    Sif Muna [*.....]
Gold:   433        SH:  0    Dex: 13    Spells: 18/32 levels left

rFire    . . .     SeeInvis .   h - +2 spear (vorpal)
rCold    . . .     Faith    .   (no shield)
rNeg     . . .     Spirit   .   A - +0 steam dragon scales
rPois    .         Reflect  .   (no helmet)
rElec    .         Harm     .   (no cloak)
rCorr    .                      (no gloves)
MR       .....                  (no boots)
Stlth    ++........             l - amulet of magic regeneration
HPRegen  0.15/turn              (no ring)
MPRegen  0.45/turn              (no ring)

@: lethally poisoned (-3 -> -6)
A: no striking features
a: Channel Magic, Renounce Religion


You were on level 7 of the Dungeon.
You worshipped Sif Muna.
Sif Muna was aware of your devotion.
You were not hungry.

You visited 2 branches of the dungeon, and saw 9 of its levels.

You collected 433 gold pieces.

Inventory:

Hand Weapons
 b - a +0 club
   (You took it off a hobgoblin on level 1 of the Dungeon)
 h - a +2 vorpal spear (weapon)
   (You took it off a gnoll on level 1 of the Dungeon)
 y - a +4 quarterstaff of chaos
   (You took it off Crazy Yiuf on level 5 of the Dungeon)
Missiles
 j - 128 stones (quivered)
 s - 24 poisoned darts
Armour
 a - a +0 robe
 r - a +0 buckler
   (You found it on level 4 of the Dungeon)
 x - a +1 cloak of magic resistance
   (You took it off Crazy Yiuf on level 5 of the Dungeon)
 A - +0 steam dragon scales (worn)
   (You took it off Maggie on level 6 of the Dungeon)
Jewellery
 l - an amulet of magic regeneration (around neck)
   (You found it on level 2 of the Dungeon)
 o - a cursed ring of attention {unknown}
   (You found it on level 3 of the Dungeon)
Wands
 v - a wand of digging (8)
   (You found it on level 7 of the Dungeon)
Scrolls
 d - 5 scrolls of enchant weapon {unknown}
 g - 6 scrolls of remove curse {unknown}
 m - 3 scrolls of teleportation {unknown}
 n - 9 scrolls of identify {@r1}
 p - a scroll of magic mapping {unknown}
 w - a scroll of enchant armour {unknown}
 B - a scroll of brand weapon {unknown}
 D - a scroll of fear {unknown}
Potions
 c - a potion of haste {unknown}
 f - a potion of berserk rage
 i - a potion of mutation {unknown}
 k - 3 potions of brilliance {unknown}
 q - 3 potions of stabbing {unknown}
 t - a potion of curing {unknown}
 u - 2 potions of lignification {unknown}
 z - a potion of magic {unknown}
 C - 3 potions of heal wounds {unknown}
Comestibles
 e - 19 rations {!d}


   Skills:
 + Level 1.0 Fighting
 + Level 3.1 Dodging
 - Level 2.4 Stealth
 + Level 1.1 Shields
 - Level 12.0 Spellcasting
 - Level 11.0 Conjurations
 - Level 2.0 Hexes
 - Level 4.0 Translocations


You had 18 spell levels left.
You knew the following spells:

 Your Spells              Type           Power        Failure   Level
a - Magic Dart            Conj           ####         1%          1
b - Dazzling Flash        Conj/Hex       ######       1%          3
s - Searing Ray           Conj           ######       1%          2
x - Iskenderun's Mystic   Conj/Tloc      ######..     1%          4
z - Fulminant Prism       Conj/Hex       ######....   2%          4

Your spell library contained the following spells:

 Spells                   Type           Power        Failure   Level


Dungeon Overview and Level Annotations

Branches:
Dungeon (8/15)             Temple (1/1) D:4
   Lair: D:8-11

Altars:
Ashenzari
Cheibriados
Elyvilon
Fedhas
Kikubaaqudgha
Nemelex Xobeh
Okawaru
Qazlal
Ru
Sif Muna
Uskayaw
Wu Jian
Xom
Yredelemnul
Zin
The Shining One

Annotations:
D:8 Maurice


Message History

A killer bee comes into view.
Aim: a killer bee (moderately wounded)
The searing ray hits the killer bee!
You kill the killer bee!
Sif Muna accepts your kill. (Press . to maintain the ray.)
The searing ray hits the killer bee!
You erupt in a blast of force!
The mystic blast hits the killer bee!
You kill the killer bee!
Sif Muna accepts your kill.
Your Dodging skill increases to level 3!
You erupt in a blast of force!
The mystic blast misses the killer bee.
The killer bee stings you but does no damage.
A killer bee comes into view.
The killer bee misses you.
You erupt in a blast of force!
The mystic blast hits the killer bee.
The killer bee is knocked back by the mystic blast.
A killer bee comes into view.
The killer bee stings you.
There is a stone staircase leading down here.
You erupt in a blast of force!
The mystic blast hits the killer bee!
You kill the killer bee!
Sif Muna accepts your kill.
Your Fighting skill increases to level 1!
Your Shields skill increases to level 1!
The killer bee buzzes angrily.
The killer bee stings you!
You climb downwards.
A gnoll, an ogre and Maurice come into view.
Maurice is wielding a +0 dagger and carrying a wand of digging (5).
Maurice shouts!
The ogre shouts!
The gnoll shouts!
You hear a shout! x3
Found a scroll labeled YKUEGUCH WIMOF and 15 stones.
Found a stone staircase leading down and a stone staircase leading up.
There is a stone staircase leading up here.
The ogre hits you with a +0 giant club.
You climb upwards.
The killer bee closely misses you. The killer bee stings you.
You are poisoned.
The killer bee poisons you! The killer bee stings you.
* * * LOW HITPOINT WARNING * * *
The killer bee stings you!
* * * LOW HITPOINT WARNING * * *
The killer bee misses you. The killer bee closely misses you.
There is a stone staircase leading down, spattered with blood here.
You feel sick. The killer bee stings you.
* * * LOW HITPOINT WARNING * * *
The killer bee stings you!
* * * LOW HITPOINT WARNING * * *
The killer bee stings you.
You die...

### ###...##...........#..
#.###.....................
##..............##.#.......
#..........................
##...............#........#
##............#.##........#
#.........O........#......#
##......†.yy....#..#......#
###.......#.@.##..#.#.......#
#...###..##..###..#...#..####
#..#^....##.[.##.....##..##.#
...........#....##....[##.##.[.
#.........#............)##......
#.........#...................#.
##......................##....#.
###.............##.....#.......
...............###.####......


You could see an ogre and 2 killer bees.

Vanquished Creatures
  Maggie (D:6)
  A hippogriff (D:6)
  Sigmund (D:6)
  Menkaure (D:5)
  Duvessa (D:6)
  3 orc warriors
  A black bear (D:6)
  An ice beast (D:6)
  A sky beast (D:6)
  A phantom (D:7)
  2 ogres
  A centaur (D:3)
  4 bullfrogs
  Dowan (D:6)
  4 scorpions
  4 killer bees (D:7)
  4 howler monkeys
  3 jellies (D:5)
  2 bullfrog zombies (D:5)
  A quasit (D:7)
  An orc priest (D:7)
  A hound (D:5)
  2 bullfrog skeletons
  Crazy Yiuf (D:5)
  4 orc wizards
  Jessica (D:3)
  An iguana (D:5)
  10 worker ants
  5 gnolls
  4 adders
  A shadow imp (D:5)
  2 white imps
  3 ufetubi
  An ooze (D:2)
  2 adder skeletons
  An adder zombie (D:5)
  A worm (D:3)
  A dart slug (D:2)
  5 leopard geckos
  15 orcs
  5 giant cockroaches
  3 goblins (D:3)
  12 hobgoblins
  A jackal (D:5)
  3 quokkas (D:2)
  3 ball pythons
  12 bats
  7 frilled lizards
  4 kobolds
  A quokka zombie (D:5)
  3 rats
154 creatures vanquished.

Vanquished Creatures (others)
  15 fulminant prisms
15 creatures vanquished.

Grand Total: 169 creatures vanquished

Notes
Turn   | Place    | Note
-------+----------+-------------------------------------------
     0 | D:1      | Apogee the Deep Elf Conjurer began the quest for the Orb.
     0 | D:1      | Reached XP level 1. HP: 10/10 MP: 6/6
   125 | D:1      | Reached XP level 2. HP: 15/15 MP: 2/8
   716 | D:1      | Learned a level 2 spell: Searing Ray
   968 | D:1      | Reached skill level 4 in Spellcasting
   968 | D:1      | Reached skill level 5 in Conjurations
   968 | D:1      | Reached XP level 3. HP: 19/19 MP: 5/10
  1256 | D:2      | Learned a level 3 spell: Dazzling Flash
  1999 | D:2      | Reached skill level 1 in Hexes
  2517 | D:3      | Reached XP level 4. HP: 24/24 MP: 9/12
  2572 | D:3      | Learned a level 4 spell: Iskenderun's Mystic Blast
  2633 | D:3      | Noticed Jessica
  2638 | D:3      | Killed Jessica
  2759 | D:3      | Noticed a centaur
  2762 | D:3      | Killed a centaur
  2762 | D:3      | Reached skill level 5 in Spellcasting
  2762 | D:3      | Reached skill level 1 in Translocations
  2762 | D:3      | Reached XP level 5. HP: 16/28 MP: 9/14
  3158 | D:3      | Noticed an ogre
  3166 | D:3      | Killed an ogre
  3166 | D:3      | Reached XP level 6. HP: 32/32 MP: 8/16
  3810 | D:4      | Reached skill level 6 in Spellcasting
  4034 | D:4      | Found a staircase to the Ecumenical Temple.
  4095 | Temple   | Entered the Ecumenical Temple
  4258 | Temple   | Became a worshipper of Sif Muna the Loreminder
  4536 | D:5      | Entered Level 5 of the Dungeon
  4659 | D:5      | Reached XP level 7. HP: 36/36 MP: 15/19
  4744 | D:5      | Reached skill level 7 in Spellcasting
  4753 | D:5      | Noticed Menkaure
  4769 | D:5      | Learned a level 4 spell: Fulminant Prism
  4820 | D:5      | Killed Menkaure
  5015 | D:5      | Found a runed translucent door.
  5016 | D:5      | Noticed Crazy Yiuf
  5540 | D:5      | Reached skill level 8 in Spellcasting
  5540 | D:5      | Reached XP level 8. HP: 41/41 MP: 19/22
  5986 | D:5      | Killed Crazy Yiuf
  6072 | D:6      | Found Omeano's Gadget Boutique.
  6104 | D:6      | Reached skill level 9 in Spellcasting
  6327 | D:6      | Noticed a hippogriff
  6359 | D:6      | Killed a hippogriff
  6497 | D:6      | Reached skill level 10 in Spellcasting
  6504 | D:6      | Reached * piety under Sif Muna
  6544 | D:6      | Reached XP level 9. HP: 32/45 MP: 22/25
  6813 | D:6      | Noticed Dowan
  6820 | D:6      | Noticed Duvessa
  6822 | D:6      | Killed Duvessa
  6823 | D:6      | Killed Dowan
  7090 | D:6      | Noticed Sigmund
  7095 | D:6      | Noticed Maggie
  7096 | D:6      | Killed Sigmund
  7096 | D:6      | Reached skill level 10 in Conjurations
  7100 | D:6      | HP: 2/45 [Maggie/bolt of fire (21)]
  7104 | D:6      | Killed Maggie
  7104 | D:6      | Reached skill level 11 in Spellcasting
  7926 | D:7      | Reached skill level 12 in Spellcasting
  8059 | D:7      | Reached skill level 1 in Fighting
  8059 | D:7      | Reached skill level 1 in Shields
  8061 | D:8      | Noticed Maurice
  8064 | D:7      | HP: 2/47 [killer bee (8)]
  8064 | D:7      | Slain by a killer bee

Illustrated notes

Levels and vault maps discovered:
D:1:      lightli_arrival_statuegarden, layout_basic, serial_glass,
          glass_columns_c, glass_columns_a
D:2:      layout_basic, wander_ebering_terrifying_dragon_lair
D:3:      layout_basic, first_ration, uniq_jessica
D:4:      layout_cave_pools, minmay_temple_entry_ruins
D:5:      minmay_bubble_buster, layout_basic, minmay_misc_feat_alley,
          uniq_menkaure, uniq_crazy_yiuf_cottage
D:6:      layout_basic, serial_shops, shop_fountains, hangedman_decor_riveting,
          uniq_duvessa, uniq_maggie, uniq_sigmund
D:7:      layout_cave_pools, grunt_livestock, minmay_misc_feat_more_columns,
          roderic_batcave, minmay_door_square
D:8:      layout_basic, vehumet_statue, uniq_gastronok, uniq_maurice
Temple:   eino_temple_rhombus

Skill      XL: |  1  2  3  4  5  6  7  8  9 |
---------------+----------------------------+-----
Spellcasting   | 4 5 6 8 10 12 | 12.0
Conjurations   | 5 6 7 9 11 | 11.0
Hexes          | 1 2 |  2.0
Translocations | 1 2 4 |  4.0
Dodging        | 3 |  3.1
Fighting       | 1 |  1.0
Shields        | 1 |  1.1
Stealth        | |  2.4

Action                   |  1- 3 |  4- 6 |  7- 9 || total
-------------------------+-------+-------+-------++-------
Melee: Club              |     4 |       |       ||     4
       Spear             |       |     1 |    11 ||    12
 Cast: Magic Dart        |    66 |    63 |    99 ||   228
       Searing Ray       |     1 |    10 |    33 ||    44
       Fulminant Prism   |       |       |    15 ||    15
       Iskenderun's Myst |       |       |    25 ||    25
  Use: Scroll            |     2 |       |       ||     2
  Eat: Ration            |     2 |     2 |     3 ||     7
Armor: Robe              |     4 |       |     3 ||     7
       Steam dragon scal |       |       |     2 ||     2
Dodge: Dodged            |     8 |     8 |    29 ||    45

Table legend:
 A = Non-vault XP
 B = Vault XP
 C = Vault XP percentage of total XP
 D = Non-vault monster count
 E = Vault monster count
 F = Vault count percentage of total count
                 A         B        C        D         E       F
            +---------+---------+-------+---------+---------+-------
      Total |    3681 |    1319 |  26.4 |     129 |      25 |  16.2
            +---------+---------+-------+---------+---------+-------
        D:1 |      43 |       0 |   0.0 |      18 |       0 |   0.0
        D:2 |      51 |       1 |   1.9 |      17 |       1 |   5.6
        D:3 |     274 |      37 |  11.9 |      22 |       1 |   4.3
        D:4 |     266 |       0 |   0.0 |      11 |       0 |   0.0
        D:5 |     687 |     467 |  40.5 |      20 |      13 |  39.4
        D:6 |    1171 |     806 |  40.8 |      17 |       4 |  19.0
        D:7 |    1189 |       8 |   0.7 |      24 |       6 |  20.0
            +---------+---------+-------+---------+---------+-------
